 Dungeon Crawl Stone Soup version 0.23-a0-307-gc3b755d (webtiles) character file.

4 iamserjio the Gusty (level 1, 0/10 HPs)
             Began as a Tengu Air Elementalist on Oct 10, 2018.
             Slain by a jackal (3 damage)
             ... on level 2 of the Dungeon.
             The game lasted 00:01:21 (192 turns).

iamserjio the Gusty (Tengu Air Elementalist)         Turns: 192, Time: 00:01:22

Health: 0/10       AC:  2    Str:  8    XL:     1   Next: 60%
Magic:  1/4        EV: 12    Int: 15    God:
Gold:   45         SH:  0    Dex: 14    Spells: 3/4 levels left

rFire    . . .     SeeInvis .   (no weapon)
rCold    . . .     Gourm    .   (no shield)
rNeg     . . .     Faith    .   a - +0 robe
rPois    .         Spirit   .   (helmet restricted)
rElec    .         Reflect  .   (no cloak)
rCorr    .         Harm     .   (no gloves)
MR       .....                  (boots unavailable)
Stlth    ++........             (no amulet)
HPRegen  0.03/turn              (no ring)
MPRegen  0.09/turn              (no ring)

@: no status effects
A: beak, talons 3
a: no special abilities


You were on level 2 of the Dungeon.
You were not hungry.

You visited 1 branch of the dungeon, and saw 2 of its levels.

You collected 45 gold pieces.

Inventory:

Armour
 a - a +0 robe (worn)
 f - a +0 leather armour
Jewellery
 g - a +4 ring of intelligence {unknown}
Scrolls
 b - a scroll of enchant weapon {unknown}
Potions
 d - a potion of berserk rage {unknown}
 e - a potion of curing {unknown}
 h - 2 potions of agility {unknown}
Comestibles
 c - a ration


   Skills:
 + Level 0.2 Fighting
 - Level 2.1 Dodging
 - Level 2.0 Stealth
 * Level 0.5 Unarmed Combat
 - Level 2.0 Spellcasting
 * Level 1.7 Conjurations
 + Level 4.0 Air Magic


You had 3 spell levels left.
You knew the following spells:

 Your Spells              Type           Power        Failure   Level  Hunger
a - Shock                 Conj/Air       ##..         7%          1    #......

Your spell library contained the following spells:

 Spells                   Type           Power        Failure   Level  Hunger
 Swiftness                Chrm/Air       #.......     14%         2    ###....
 Static Discharge         Conj/Air       ##......     21%         3    ###....
 Airstrike                Air            ##........   38%         4    #####..
 Lightning Bolt           Conj/Air       ##........   88%         5    ######.


Dungeon Overview and Level Annotations

Branches:
Dungeon (2/15)

Altars:
Elyvilon
Zin


Innate Abilities, Weirdness & Mutations

You have a beak for a mouth.
You have claws for feet.


Message History

Aim: a jackal (almost dead)
The zap hits the jackal.
You kill the jackal!
A jackal comes into view.
Found a glowing silver altar of Zin.
The jackal barely misses you.
You hit the jackal. The jackal closely misses you.
You hit the jackal but do no damage. The jackal misses you.
The jackal barely misses you.
Casting: Shock (safe; 7% risk of failure)
Aiming: Shock (safe; 7% risk of failure)
Aim: a jackal (lightly wounded)
The zap misses the jackal.
The jackal closely misses you.
Casting: Shock (safe; 7% risk of failure)
You don't have enough magic to cast that spell.
You hit the jackal. The jackal closely misses you. x2
You hit the jackal. The jackal bites you.
* * * LOW HITPOINT WARNING * * *
You closely miss the jackal. The jackal bites you.
You die...

# #_# . ##.## #...#
##...## ... #.....#
.. ###.....### .
###....8....###
#####......#......###
#.'......8###8@...._#
#.###......#.h....###
###..)###....8....###
......#####.....###
#.........#.....#
..........##...##
...........#...#
...........##.##
#.###.......


You could see a jackal.

Vanquished Creatures
  2 jackals (D:2)
  A bat (D:1)
  A rat (D:1)
4 creatures vanquished.

Notes
Turn   | Place    | Note
-------+----------+-------------------------------------------
     0 | D:1      | iamserjio the Tengu Air Elementalist began the quest for
                  | the Orb.
     0 | D:1      | Reached XP level 1. HP: 10/10 MP: 4/4
   173 | D:2      | Found a white marble altar of Elyvilon.
   184 | D:2      | Found a glowing silver altar of Zin.
   192 | D:2      | Slain by a jackal

Vault maps used:
D:1:      minmay_arrival_checkered_box
D:2:      minmay_overflow_temple_star_quad, yredelemnul_altar_generic,
          uniq_sigmund

Action                   || total
-------------------------++-------
Melee: Unarmed           ||    10
       Kick              ||     2
       Peck              ||     1
 Cast: Shock             ||     6
Dodge: Dodged            ||     9

Table legend:
 A = Non-vault XP
 B = Vault XP
 C = Vault XP percentage of total XP
 D = Non-vault monster count
 E = Vault monster count
 F = Vault count percentage of total count
                 A         B        C        D         E       F
            +---------+---------+-------+---------+---------+-------
      Total |       6 |       0 |   0.0 |       4 |       0 |   0.0
            +---------+---------+-------+---------+---------+-------
        D:1 |       2 |       0 |   0.0 |       2 |       0 |   0.0
        D:2 |       4 |       0 |   0.0 |       2 |       0 |   0.0
            +---------+---------+-------+---------+---------+-------
